 Dungeon Crawl Stone Soup version 0.21.1-1-g345015fe64 (webtiles) character file.

4466 Ingvold the Grappler (level 10, -6/94 HPs)
             Began as a Troll Monk on May 29, 2018.
             Was a Priest of Wu Jian.
             Mangled by a wolf (10 damage)
             ... led by Grum
             ... on level 8 of the Dungeon.
             The game lasted 00:20:46 (5535 turns).

Ingvold the Grappler (Troll Monk)                   Turns: 5535, Time: 00:20:46

Health: -6/94      AC:  6    Str: 24    XL:     10   Next: 15%
Magic:  9/9        EV: 12    Int:  6    God:    Wu Jian [***...]
Gold:   410        SH:  0    Dex: 12    Spells: 9/9 levels left

rFire    . . .     SeeInvis +     - Unarmed
rCold    + . .     Gourm    +   (no shield)
rNeg     . . .     Faith    .   a - +1 robe
rPois    .         Spirit   .   (helmet restricted)
rElec    .         Reflect  .   (no cloak)
rCorr    .         Harm     .   (gloves unavailable)
MR       .....                  (boots unavailable)
Stlth    ++........             i - amulet of rage
HPRegen  0.65/turn              p - ring of see invisible
MPRegen  0.11/turn              C - ring of protection from cold

@: no status effects
A: large, unfitting armour, claws 3, fast metabolism 3, gourmand, regeneration
1, shaggy fur 1, tough skin 2
a: Wall Jump, Serpent's Lash, Renounce Religion, Evoke Berserk Rage


You were on level 8 of the Dungeon.
You worshipped Wu Jian.
Wu Jian was most pleased with you.
You were completely stuffed.

You visited 2 branches of the dungeon, and saw 9 of its levels.
You also visited: Ossuary.

You collected 410 gold pieces.

Inventory:

Hand Weapons
 w - the +7 rapier of Xeatt {flame, rF+ Dex+2}
   (You found it on level 6 of the Dungeon)

   It has been specially enchanted to burn those struck by it, causing extra
   injury to most foes and up to half again as much damage against particularly
   susceptible opponents.
   It affects your dexterity (+2).
   It protects you from fire.
Armour
 a - a +1 robe (worn)
Jewellery
 i - an amulet of rage (around neck)
 p - a ring of see invisible (left claw)
 y - an uncursed ring of protection from fire
 C - a ring of protection from cold (right claw)
Wands
 r - a wand of flame (30)
 t - a wand of polymorph (11)
 z - a wand of digging (14)
Scrolls
 c - 8 scrolls of teleportation
 d - a scroll of noise {unknown}
 g - 2 scrolls of identify
 k - a scroll of magic mapping {unknown}
 m - 2 scrolls of remove curse
 n - 2 scrolls of enchant armour
 o - a scroll of random uselessness {unknown}
 s - a scroll of blinking {unknown}
 x - a scroll of brand weapon {unknown}
Potions
 e - 4 potions of curing
 f - 3 potions of brilliance
 h - 2 potions of lignification
 j - 4 potions of invisibility {unknown}
 l - 2 potions of heal wounds
 q - 4 potions of haste
 u - 2 potions of might
 v - 2 potions of flight {unknown}
 A - a potion of ambrosia {unknown}
 B - a potion of cancellation {unknown}
 E - a potion of agility {unknown}
Comestibles
 b - 20 rations


   Skills:
 + Level 4.5 Fighting
 + Level 5.6 Dodging
 + Level 3.6 Stealth
 + Level 11.6 Unarmed Combat


You had 9 spell levels left.
You didn't know any spells.

Dungeon Overview and Level Annotations

Branches:
Dungeon (8/15)             Temple (1/1) D:5
   Lair: D:8-11

Altars:
Ashenzari
Cheibriados
Dithmenos
Elyvilon
Fedhas
Gozag
Hepliaklqana
Kikubaaqudgha
Makhleb
Nemelex Xobeh
Qazlal
Ru
Sif Muna
Trog
Uskayaw
Wu Jian
Xom
Yredelemnul
Zin
The Shining One

Annotations:
D:8 Grum


Innate Abilities, Weirdness & Mutations

You are too large for most types of armour.
You have claws for hands.
Your metabolism is lightning-fast.
You like to eat raw meat.
Your natural rate of healing is unusually fast.
You are covered in fur. (AC +1)
You have very tough skin. (AC +2)


Message History

* * * LOW HITPOINT WARNING * * *
Grum hits you from afar with an enchanted spear!
* * * LOW HITPOINT WARNING * * *
You feel much better. The wolf closely misses you.
The wolf completely misses you.
Grum hits you from afar with an enchanted spear!
* * * LOW HITPOINT WARNING * * *
The wolf bites you but does no damage.
You feel much better. The wolf barely misses you. The wolf bites you.
* * * LOW HITPOINT WARNING * * *
Grum hits you from afar with an enchanted spear!
* * * LOW HITPOINT WARNING * * *
The wolf completely misses you. The wolf barely misses you.
Grum hits you but does no damage. Grum barely misses you. The wolf bites you.
* * * LOW HITPOINT WARNING * * *
Grum hits you from afar with an enchanted spear!
* * * LOW HITPOINT WARNING * * *
The wolf completely misses you. The wolf bites you!
You die...

..# #..........
+..#...... ###
##..##.####
##+##..#....##
#..##.######..##..##...##
#.....'.......##+###...##
#.... #.......'.........'
#.... #...##..##........#
#.....#...##########....#
.....##§§.# .##..##....#
.....##@§.# ...........#
......§hh.# ...........#
.......g†.# .#######..##
.........## ####
.....##..# ###+# #....
?...... ........#
###..##..#


You could see Grum and 2 wolves.

Vanquished Creatures
  A two-headed ogre (D:8)
  The ghost of supermoro the Sneak, a novice KoEn (D:5)
  The ghost of Lokiki the Charmwright, an amateur DsSk (D:4)
  4 hogs (D:7)
  A human (D:7)
  Menkaure (D:7)
  Duvessa (D:7)
  2 ice beasts
  An orc warrior (D:7)
  2 sky beasts
  3 ogres
  A phantom (D:7)
  A necrophage (D:7)
  A wolf (D:8)
  A big kobold (D:8)
  A bullfrog (D:7)
  Dowan (D:7)
  A water moccasin zombie (D:7)
  A wyvern skeleton (D:7)
  A troll zombie (Ossuary)
  2 scorpions
  3 hounds
  A bullfrog zombie (D:5)
  4 centaur zombies
  A human zombie (Ossuary)
  2 orc priests
  A jelly (D:5)
  A centaur skeleton (D:4)
  An orc wizard (D:7)
  An iguana (D:6)
  Natasha (twice) (D:2)
  Terence (D:3)
  Ijyb (D:5)
  4 worker ants
  An ogre zombie (Ossuary)
  A big kobold zombie (Ossuary)
  Robin (D:2)
  7 mummies (Ossuary)
  A worker ant zombie (D:6)
  7 adders
  A shadow imp (D:8)
  4 adder zombies (Ossuary)
  4 worms
  3 dart slugs
  5 leopard geckos
  7 orcs
  4 ball pythons
  8 bats
  6 giant cockroaches
  14 goblins
  7 hobgoblins
  5 frilled lizards
  4 goblin zombies (Ossuary)
  5 hobgoblin zombies (Ossuary)
  16 kobolds
  3 kobold zombies (Ossuary)
  4 quokka zombies (Ossuary)
  10 rats
  3 rat zombies (Ossuary)
183 creatures vanquished.

Notes
Turn   | Place    | Note
-------+----------+-------------------------------------------
     0 | D:1      | Ingvold the Troll Monk began the quest for the Orb.
     0 | D:1      | Reached XP level 1. HP: 22/22 MP: 0/0
    69 | D:1      | Reached XP level 2. HP: 29/29 MP: 1/1
   419 | D:1      | Reached XP level 3. HP: 19/36 MP: 2/2
   622 | D:2      | Noticed Robin
   655 | D:2      | Killed Robin
   655 | D:2      | Reached XP level 4. HP: 33/44 MP: 3/3
   853 | D:2      | Found a hide-covered altar of Uskayaw.
  1133 | D:2      | Noticed Natasha
  1146 | D:2      | Killed Natasha
  1146 | D:2      | Reached skill level 4 in Unarmed Combat
  1279 | D:2      | Noticed Natasha
  1288 | D:2      | Killed Natasha
  1288 | D:2      | Reached XP level 5. HP: 52/53 MP: 4/4
  1410 | D:3      | Noticed Terence
  1425 | D:3      | Killed Terence
  1964 | D:4      | Reached skill level 5 in Unarmed Combat
  1969 | D:4      | Noticed Lokiki's ghost (amateur DsSk)
  2183 | D:4      | Reached XP level 6. HP: 61/61 MP: 5/5
  2245 | D:5      | Entered Level 5 of the Dungeon
  2369 | D:5      | Noticed Ijyb
  2404 | D:5      | Killed Ijyb
  2486 | D:4      | Found a deep blue altar of Sif Muna.
  2520 | D:4      | Killed Lokiki's ghost
  2520 | D:4      | Reached skill level 6 in Unarmed Combat
  2520 | D:4      | Reached XP level 7. HP: 53/67 MP: 6/6
  2902 | D:5      | Noticed supermoro's ghost (novice KoEn)
  2915 | D:5      | Killed supermoro's ghost
  2915 | D:5      | Reached skill level 7 in Unarmed Combat
  2936 | D:5      | Reached XP level 8. HP: 76/76 MP: 7/7
  3098 | D:5      | Found Jeiset's Antique Weapon Emporium.
  3116 | D:5      | Found a staircase to the Ecumenical Temple.
  3124 | D:5      | Reached skill level 8 in Unarmed Combat
  3139 | Temple   | Entered the Ecumenical Temple
  3249 | Temple   | Became a worshipper of the Wu Jian Council
  3249 | Temple   | Reached * piety under Wu Jian
  3249 | Temple   | Reached ** piety under Wu Jian
  3815 | D:6      | Got a smoking rapier
  3816 | D:6      | Identified the +7 rapier of Xeatt {flame, rF+ Dex+2} (You found it on level 6 of the Dungeon)
  4259 | D:7      | Reached skill level 9 in Unarmed Combat
  4320 | D:7      | Noticed Menkaure
  4321 | D:7      | Reached skill level 5 in Dodging
  4323 | D:7      | Reached XP level 9. HP: 71/84 MP: 8/8
  4324 | D:7      | Killed Menkaure
  4394 | D:7      | Found a sand-covered staircase.
  4399 | Ossuary  | Entered an ossuary
  4622 | Ossuary  | Reached *** piety under Wu Jian
  4629 | Ossuary  | Reached skill level 10 in Unarmed Combat
  4805 | D:7      | Noticed Duvessa
  4806 | D:7      | Noticed Dowan
  4811 | D:7      | Killed Duvessa
  4815 | D:7      | Killed Dowan
  5045 | D:7      | Reached skill level 11 in Unarmed Combat
  5377 | D:8      | Noticed a two-headed ogre
  5392 | D:8      | Killed a two-headed ogre
  5392 | D:8      | Reached XP level 10. HP: 66/94 MP: 9/9
  5523 | D:8      | Noticed Grum
  5535 | D:8      | HP: 4/94 [Grum/enchanted spear (13)]
  5535 | D:8      | Mangled by a wolf

Skill      XL: |  1  2  3  4  5  6  7  8  9 |
---------------+----------------------------+-----
Dodging        | 3 4 5 |  5.6
Unarmed Combat | 4 5 6 7 9 11 | 11.6
Fighting       | 3 4 |  4.5
Stealth        | 2 3 |  3.6

Action                   |  1- 3 |  4- 6 |  7- 9 | 10-12 || total
-------------------------+-------+-------+-------+-------++-------
Melee: Unarmed           |   102 |   199 |   283 |     6 ||   590
       Punch             |     2 |     9 |    18 |       ||    29
Invok: Whirlwind         |       |       |    33 |     2 ||    35
       Wall Jump         |       |       |    32 |     6 ||    38
       Lunge             |       |       |    15 |       ||    15
  Use: Scroll            |       |       |    10 |       ||    10
       Potion            |       |       |     1 |     2 ||     3
 Stab: Sleeping          |     1 |     2 |    13 |       ||    16
       Distracted        |       |       |     1 |       ||     1
  Eat: Chunk             |    11 |    18 |    27 |     1 ||    57
Armor: Robe              |    42 |    38 |    44 |     5 ||   129
       Skin              |       |     3 |       |       ||     3
Dodge: Dodged            |    60 |   103 |   107 |    20 ||   290
